 Dungeon Crawl Stone Soup version 0.14-b1-12-g1e0207d (webtiles) character file.

176 santino the Skirmisher (level 4, 0/41 HPs)
             Began as a Minotaur Berserker on Apr 1, 2014.
             Was a Believer of Trog.
             Slain by an adder (3 damage)
             ... on Level 3 of the Dungeon.
             The game lasted 00:06:43 (1536 turns).

santino the Skirmisher (Minotaur Berserker)         Turns: 1536, Time: 00:06:43

HP   0/41        AC  3     Str 22      XL: 4   Next: 38%
MP   2/2         EV 12     Int  4      God: Trog [**....]
Gold 82          SH  0     Dex 10      Spells:  0 memorised,  3 levels left

rFire  . . .     SeeInvis .     a - +0 hand axe
rCold  . . .     Clarity  .     b - +0 animal skin
rNeg   . . .     Conserve .     (no shield)
rPois  .         rCorr    .     (helmet restricted)
rElec  .         rRot     .     (no cloak)
SustAb . .       Spirit   .     i - +0 pair of gloves
rMut   .         Warding  .     (no boots)
Saprov . . .     Stasis   .     (no amulet)
MR     .....                    (no ring)
                                (no ring)

@: not resistant to hostile enchantments, unstealthy
A: retaliatory headbutt, horns 2
a: Burn Spellbooks, Berserk, Trog's Hand, Renounce Religion


You were on level 3 of the Dungeon.
You worshipped Trog.
Trog was pleased with you.
You were near starving.

You visited 1 branch of the dungeon, and saw 3 of its levels.

You collected 82 gold pieces.

Inventory:

Hand weapons
 a - a +0,+0 hand axe (weapon)
Armour
 b - a +0 animal skin (worn)
 i - a +0 pair of gloves (worn)
Magical devices
 l - a wand of random effects (8) {unknown}
Comestibles
 c - 3 bread rations
 j - 2 pears
Scrolls
 d - a scroll of amnesia {unknown}
 e - 3 scrolls of identify {unknown}
 g - 4 scrolls of teleportation {unknown}
 k - a scroll of magic mapping {unknown}
 n - a scroll of recharging {unknown}
 p - 2 scrolls of fear {unknown}
 q - a scroll of remove curse {unknown}
Jewellery
 m - an uncursed amulet of warding {unknown}
Potions
 f - a potion of resistance {unknown}
 h - a potion of curing {unknown}
 o - a potion of invisibility {unknown}


   Skills:
 + Level 4.7 Fighting
 + Level 4.6 Axes
 + Level 3.9 Armour
 - Level 2.1 Dodging


You had 3 spell levels left.
You didn't know any spells.

Dungeon Overview and Level Annotations

Branches:
Dungeon (3/15)

Altars:


Innate Abilities, Weirdness & Mutations

You reflexively headbutt those who attack you in melee.
You have a pair of horns on your head.


Message History

You are too injured to fight recklessly!
You are too injured to fight recklessly!
You are too injured to fight recklessly!
You are too injured to fight recklessly!
You are too injured to fight recklessly!
You are too injured to fight recklessly!
Things that are here:
a hand axe; a leather armour; 16 gold pieces You miss the adder.
The adder barely misses you. The adder closely misses you. x2
The adder bites you but does no damage.
Found a whip.
A goblin comes into view.
The adder barely misses you.
A bat comes into view.
The adder bites you.
* * * LOW HITPOINT WARNING * * *
The bat hits you but does no damage. The bat hits you but does no damage.
The adder bites you.
You die...

# #...# #..#
# # #...#
#.)####.# #
. #[).....#
.. #)......#
...
#.......#
...
#.....%.# ##
#....?..#
#.......#
#...@...# #
#..Sb...# #
#.......# #
#.......#
#..........
#.g.........
.........##
..........#
#).####...


You could see an adder, a goblin and a bat.

Vanquished Creatures
  An orc wizard (D:3)
  2 adders (D:2)
  A giant mite (D:2)
  A giant gecko (D:2)
  3 orcs (D:3)
  2 giant cockroaches
  5 goblins
  2 hobgoblins (D:1)
  2 jackals (D:1)
  A kobold (D:1)
  A ball python (D:2)
  8 bats
  2 giant newts
  7 rats
38 creatures vanquished.

Notes
Turn   | Place    | Note
--------------------------------------------------------------
     0 | D:1      | santino, the Minotaur Berserker, began the quest for the Orb.
     0 | D:1      | Reached XP level 1. HP: 19/19 MP: 1/1
   129 | D:1      | Reached XP level 2. HP: 14/27 MP: 1/1
   281 | D:1      | Reached skill level 4 in Fighting
   987 | D:2      | Reached XP level 3. HP: 33/33 MP: 2/2
  1416 | D:2      | Acquired Trog's second power
  1518 | D:3      | Reached XP level 4. HP: 4/41 MP: 2/2
  1536 | D:3      | Slain by an adder

Action                   |  1- 3 |  4- 6 || total
-------------------------+-------+-------++-------
Melee: Hand axe          |    78 |     1 ||    79
 Stab: Sleeping          |     2 |       ||     2
